How to deal with Korean meta slaves

Match 27440880
End
Selects Italian Combined Arms Battlegroup
Selects Bersaglieri Squad
Bersaglieri Squad
Kradschützen Motorcycle Team
Bersaglieri Squad
Bersaglieri Squad
Construct Light Support Kompanie
2.5-tonne Medical Truck
Fire Support Elements
Flakvierling Half-track
Panzerjäger Mechanized Group
MG34 Team
Selects Bersaglieri Bolster
Selects Breda Model 30 Light Machine Guns
Pak 38 Anti-tank Gun Team
Pak 38 Anti-tank Gun Team
le.IG 18 Mechanized Group
Construct Panzerarmee Kommand
Armored Reserves
Pak 38 Anti-tank Gun Team
Selects Semovente da 75/18 Assault Gun
Selects Strafing Run
Selects Artillery Cover
Artillery Cover
Artillery Cover
odung
Grunt
0
0

Comments sign in to comment!

No comments posted yet!